 Dungeon Crawl Stone Soup version 0.22-a0-422-g9628fc8 (webtiles) character file.

6163 Borgoz the Fighter (level 10, 0/91 HPs)
             Began as a Minotaur Fighter on May 17, 2018.
             Was a Follower of Ashenzari.
             Killed from afar by an electric eel (8 damage)
             ... with a bolt of electricity
             ... on level 8 of the Dungeon.
             The game lasted 00:18:33 (8346 turns).

Borgoz the Fighter (Minotaur Fighter)               Turns: 8346, Time: 00:18:34

Health: 0/91       AC: 10    Str: 21    XL:     10   Next: 60%
Magic:  9/9        EV: 15    Int:  5    God:    Ashenzari [*.....]
Gold:   385        SH: 13    Dex: 15    Spells: 9/9 levels left

rFire    . . .     SeeInvis .   z - +0 war axe
rCold    + . .     Gourm    .   c - +1 shield
rNeg     . . .     Faith    .   C - +2 ring mail {rC+} (curse)
rPois    +         Spirit   .   (helmet restricted)
rElec    .         Reflect  .   (no cloak)
rCorr    .         Harm     .   p - +0 pair of gloves (curse)
MR       .....                  (no boots)
Stlth    +.........             (no amulet)
HPRegen  0.25/turn              l - ring of poison resistance (curse)
MPRegen  0.11/turn              d - +2 ring of dexterity

@: no status effects
A: retaliatory headbutt, horns 2
a: Curse Item, Scrying, Renounce Religion


You were on level 8 of the Dungeon.
You worshipped Ashenzari.
Ashenzari was aware of your devotion.
You were not hungry.

You visited 2 branches of the dungeon, and saw 9 of its levels.
You also visited: Sewer.

You collected 449 gold pieces.
You spent 64 gold pieces at shops.

Inventory:

Hand Weapons
 z - a +0 war axe (weapon)
 H - a cursed +3 battleaxe of freezing
 M - a +1 quarterstaff of distortion
Missiles
 j - 3 throwing nets (quivered)
Armour
 c - a +1 shield (worn)
 p - a cursed +0 pair of gloves (worn)
 C - a cursed +2 ring mail of cold resistance (worn)
Jewellery
 d - a +2 ring of dexterity (right hand)
 l - a cursed ring of poison resistance (left hand)
 n - a +2 ring of evasion
 K - a +3 ring of protection
Wands
 e - a wand of enslavement (14)
 F - a wand of flame (24)
 J - a wand of acid (15)
Scrolls
 a - 3 scrolls of amnesia {unknown}
 b - a scroll of enchant weapon {unknown}
 i - 2 scrolls of immolation
 q - a scroll of blinking {unknown}
 v - 2 scrolls of teleportation {unknown}
 w - a scroll of enchant armour
 y - a scroll of magic mapping
 B - a scroll of fear {unknown}
 D - a scroll of random uselessness {unknown}
 E - a scroll of remove curse
 G - a scroll of noise {unknown}
Potions
 g - 2 potions of curing
 h - a potion of flight {unknown}
 k - a potion of magic
 o - a potion of brilliance {unknown}
 r - 2 potions of agility
 s - a potion of resistance {unknown}
 t - a potion of invisibility
 u - 2 potions of mutation {unknown}
 A - 2 potions of lignification
Comestibles
 f - 11 rations
 x - a chunk of flesh


   Skills:
 + Level 9.4 Fighting
 + Level 9.0 Axes
 + Level 9.3 Armour
 + Level 7.8 Dodging
 + Level 9.4 Shields


You had 9 spell levels left.
You didn't know any spells.
Your spell library contained the following spells:

 Spells                   Type           Power        Failure   Level  Hunger
 Magic Dart               Conj           #...         86%         1    ##.....
 Conjure Flame            Conj/Fire      #.......     99%         3    ####...
 Slow                     Hex            #.......     94%         2    ###....
 Confuse                  Hex            #.......     99%         3    ####...
 Mephitic Cloud           Conj/Pois/Air  #.......     99%         3    ####...
 Blink                    Tloc           N/A          94%         2    ###....
 Call Imp                 Summ           #.......     94%         2    ###....
 Spider Form              Tmut/Pois      #.........   99%         3    ####...
 Blade Hands              Tmut           #.........   100%        5    ######.
 Ice Form                 Ice/Tmut       #.......     100%        4    #####..
 Confusing Touch          Hex            #.....       86%         1    ##.....
 Sticks to Snakes         Tmut           #.......     94%         2    ###....
 Metabolic Englaciation   Hex/Ice        #.........   100%        5    ######.
 Petrify                  Tmut/Erth      #.......     100%        4    #####..
 Beastly Appendage        Tmut           #.....       86%         1    ##.....
 Gell's Gravitas          Tloc           #.........   99%         3    ####...
 Yara's Violent Unravell  Hex/Tmut       #.........   100%        5    ######.


Dungeon Overview and Level Annotations

Branches:
Dungeon (8/15)             Temple (1/1) D:4
   Lair: D:8-11

Altars:
Ashenzari
Cheibriados
Dithmenos
Elyvilon
Fedhas
Gozag
Hepliaklqana
Kikubaaqudgha
Makhleb
Nemelex Xobeh
Okawaru
Qazlal
Ru
Trog
Uskayaw
Vehumet
Wu Jian
Xom
Zin

Shops:
D:4 *


Innate Abilities, Weirdness & Mutations

You reflexively headbutt those who attack you in melee.
You have a pair of horns on your head.


Message History

The bolt of electricity hits you!
Unknown command.
You barely miss the electric eel.
The electric eel is severely wounded.
You closely miss the electric eel.
The electric eel is severely wounded.
The electric eel shoots out a bolt of lightning at you!
The bolt of electricity hits the electric eel.
The electric eel completely resists.
The bolt of electricity hits you!
* * * LOW HITPOINT WARNING * * *
The electric eel shoots out a bolt of lightning at you!
The bolt of electricity hits you!
* * * LOW HITPOINT WARNING * * *
As you read the scroll labeled XAYTUM JIOH, it crumbles to dust.
It is a scroll of enchant armour.
Your +0 shield glows green for a moment.
The electric eel shoots out a bolt of lightning at you!
The bolt of electricity hits the electric eel.
The electric eel completely resists.
The bolt of electricity hits you!
You die...

#......................#...
.#+####................# ..
#.. #....†..............#
#... #..†..)........
#....###..............
.#+#.......#........
#...........#........
#...........#......##
#..........@........#
#..........;?.......#
#.#......l.;.≈.≈.... #
#.....≈.≈≈≈≈.≈.)..
#...≈.≈≈≈≈≈.≈.≈≈≈
#..≈.≈≈≈≈≈≈≈≈≈≈..
...≈≈≈.≈≈≈≈≈≈≈≈..
..≈≈≈≈≈.≈.≈.≈≈≈≈


You could see an iguana and 2 electric eels.

Vanquished Creatures
  A two-headed ogre (D:8)
  Pikel (D:8)
  Joseph (D:8)
  Psyche (D:8)
  2 trolls
  Grinder (D:5)
  A hippogriff (D:7)
  Grum (D:8)
  Menkaure (D:7)
  An ice beast (D:7)
  An orc warrior (D:8)
  2 sky beasts
  A necrophage (D:5)
  5 wolves (D:8)
  4 ogres
  2 centaurs (D:5)
  5 bullfrogs
  A wyvern skeleton (D:7)
  5 wights (D:7)
  3 howler monkeys
  3 crimson imps
  2 bullfrog zombies
  3 hounds (D:8)
  A jelly (D:7)
  5 orc priests
  6 orc wizards
  2 bullfrog skeletons
  2 iguanas
  Terence (D:3)
  Natasha (thrice) (D:2)
  5 worker ants
  A hound zombie (D:4)
  A hound skeleton (D:7)
  A howler monkey zombie (D:6)
  Robin (D:2)
  4 gnolls (D:3)
  12 adders
  8 oozes (Sewer)
  An adder skeleton (D:7)
  4 worms
  3 dart slugs
  19 leopard geckos
  10 orcs
  6 bats
  15 giant cockroaches
  10 goblins
  8 hobgoblins
  4 jackals
  A quokka (D:5)
  14 ball pythons
  A ball python zombie (D:5)
  19 frilled lizards
  5 kobolds
  A leopard gecko skeleton (D:4)
  3 quokka skeletons
  3 rats
  A plant (D:3)
  3 withered plants (D:4)
232 creatures vanquished.

Notes
Turn   | Place    | Note
-------+----------+-------------------------------------------
     0 | D:1      | Borgoz the Minotaur Fighter began the quest for the Orb.
     0 | D:1      | Reached XP level 1. HP: 19/19 MP: 0/0
   192 | D:1      | Reached XP level 2. HP: 27/27 MP: 1/1
   600 | D:1      | Reached skill level 1 in Dodging
   870 | D:2      | Noticed Natasha
   877 | D:2      | Reached XP level 3. HP: 33/33 MP: 2/2
   881 | D:2      | Killed Natasha
  1251 | D:2      | Noticed Robin
  1275 | D:2      | Reached XP level 4. HP: 31/40 MP: 3/3
  1279 | D:2      | Killed Robin
  1579 | D:2      | Noticed Natasha
  1589 | D:2      | Killed Natasha
  2018 | D:2      | Noticed Natasha
  2032 | D:2      | Killed Natasha
  2221 | D:3      | Reached XP level 5. HP: 47/47 MP: 4/4
  2316 | D:3      | Found a glowing drain.
  2331 | Sewer    | Entered a sewer
  2746 | Sewer    | Reached XP level 6. HP: 51/55 MP: 5/5
  2821 | Sewer    | Reached skill level 5 in Fighting
  2821 | Sewer    | Reached skill level 5 in Armour
  2821 | Sewer    | Reached skill level 5 in Shields
  3138 | D:3      | Noticed Terence
  3147 | D:3      | Killed Terence
  3428 | D:3      | Reached XP level 7. HP: 56/61 MP: 6/6
  3519 | D:4      | Found a staircase to the Ecumenical Temple.
  3533 | Temple   | Entered the Ecumenical Temple
  3657 | Temple   | Became a worshipper of Ashenzari the Shackled
  3871 | D:4      | Found Hioptukya's Assorted Antiques.
  3887 | D:4      | Bought a scroll of identify for 64 gold pieces
  3984 | D:4      | Reached skill level 5 in Axes
  3995 | D:4      | Found an ancient bone altar of Kikubaaqudgha.
  4508 | D:5      | Entered Level 5 of the Dungeon
  4552 | D:5      | Noticed Grinder
  4572 | D:5      | Reached XP level 8. HP: 57/70 MP: 7/7
  4585 | D:5      | Paralysed by Grinder for 7 turns
  4602 | D:5      | Killed Grinder
  4788 | D:5      | Found an ornate altar of the Wu Jian Council.
  4921 | D:5      | Reached skill level 5 in Dodging
  5723 | D:6      | Found a sacrificial altar of Ru.
  5854 | D:6      | Noticed a troll
  5859 | D:6      | Reached XP level 9. HP: 51/78 MP: 8/8
  5865 | D:6      | Killed a troll
  6423 | D:6      | Reached * piety under Ashenzari
  6629 | D:7      | Found a blossoming altar of Fedhas.
  6945 | D:7      | Noticed Menkaure
  6949 | D:7      | Killed Menkaure
  7121 | D:7      | Found an iron altar of Okawaru.
  7383 | D:8      | Noticed Joseph
  7398 | D:8      | Killed Joseph
  7398 | D:8      | Reached XP level 10. HP: 22/90 MP: 9/9
  7417 | D:8      | Noticed a two-headed ogre
  7681 | D:8      | Killed a two-headed ogre
  8034 | D:8      | Noticed Grum
  8039 | D:8      | Killed Grum
  8045 | D:8      | Noticed Psyche
  8047 | D:8      | Noticed Pikel
  8054 | D:8      | Killed Psyche
  8062 | D:8      | Killed Pikel
  8346 | D:8      | Killed from afar by an electric eel

Vault maps used:
D:1:      nzn_arrival_settlement
D:2:      first_ration, uniq_natasha, uniq_robin
D:3:      portal_sewer_entry_d, serial_bayou_pond_c, uniq_terence
D:4:      kiku_gazebo_garden_becter, minmay_temple_entry_overgrown,
          serial_shops, shop
D:5:      old_standard_altar, uniq_grinder
D:6:      kennysheep_mini_moat, dk_noncrumbling_2
D:7:      old_standard_altar, lemuel_round_altar,
          hangedman_abyss_or_decor_stabs, uniq_menkaure
D:8:      lemuel_doored_altar, erik_lair_island, uniq_joseph, uniq_psyche,
          uniq_pikel, uniq_grum, uniq_erica
Temple:   jpeg_temple_clearing
Sewer:    sewer_frog_island_02

Skill      XL: |  1  2  3  4  5  6  7  8  9 10 |
---------------+-------------------------------+-----
Dodging        | 1 2 3 4 5 7 |  7.8
Armour         | 4 5 6 7 8 9 |  9.3
Fighting       | 4 5 6 7 8 9 |  9.4
Axes           | 3 4 5 6 8 9 |  9.0
Shields        | 4 5 6 7 8 9 |  9.4

Action                   |  1- 3 |  4- 6 |  7- 9 | 10-12 || total
-------------------------+-------+-------+-------+-------++-------
Melee: War axe           |    84 |   238 |   296 |    50 ||   668
       Headbutt          |    11 |    28 |    77 |    12 ||   128
Invok: Curse Item        |       |       |     1 |     1 ||     2
  Use: Scroll            |     4 |     1 |     3 |     2 ||    10
       Potion            |       |       |     8 |     3 ||    11
 Stab: Invisible         |       |       |     4 |       ||     4
  Eat: Chunk             |       |     6 |    11 |     5 ||    22
       Ration            |       |     1 |       |       ||     1
Armor: Scale mail        |    33 |   117 |    33 |       ||   183
       Ring mail         |       |       |    45 |    14 ||    59
Dodge: Dodged            |    26 |    92 |   128 |    46 ||   292
Block: Shield            |    52 |   168 |   141 |    51 ||   412

Table legend:
 A = Spawn XP
 B = Non-spawn XP
 C = Spawn XP percentage of total XP
 D = Spawn monster count
 E = Non-spawn monster count
 F = Spawn count percentage of total count
 G = Total turns spent on level
                    A         B        C        D         E        F      G
               +---------+---------+-------+---------+---------+-------+---------
         Total |       0 |    8805 |   0.0 |       0 |     228 |   0.0 |  8346
               +---------+---------+-------+---------+---------+-------+---------
           D:1 |       0 |      34 |   0.0 |       0 |      20 |   0.0 |   795
           D:2 |       0 |     161 |   0.0 |       0 |      28 |   0.0 |  1411
           D:3 |       0 |     138 |   0.0 |       0 |      16 |   0.0 |   757
           D:4 |       0 |     568 |   0.0 |       0 |      19 |   0.0 |   868
           D:5 |       0 |    1189 |   0.0 |       0 |      25 |   0.0 |  1098
           D:6 |       0 |     873 |   0.0 |       0 |      16 |   0.0 |   866
           D:7 |       0 |    1518 |   0.0 |       0 |      19 |   0.0 |  1206
           D:8 |       0 |    3914 |   0.0 |       0 |      21 |   0.0 |   668
         Sewer |       0 |     410 |   0.0 |       0 |      64 |   0.0 |   529
               +---------+---------+-------+---------+---------+-------+---------
